AoeStats
← Mavch31

QS Arena

503136802Analyzed
1v1 RM · 11d ago on Aug 30, 2026· 33m 29s· 2 players
Game mode
Random Map
Map size
Tiny (2 player)
Population
200
Speed
Normal
Resources
Standard
Victory
Conquest
Starting age
Dark Age
Ending age
Imperial Age
RankedLock teamsTeams togetherTeam positionsShared explorationLock speedFull tech treeHidden civsTurbo modeCheats
Victory
Defeat
🇨🇭 Gurjaras · Switzerland
844
+15
🇨🇱 Gurjaras · Chile
815
-15
Mavch31
0:33 Loom
8:57 Feudal Age
12:03 Double-Bit Axe
14:32 Castle Age
14:57 Wheelbarrow
14:32 Horse Collar
16:07 Forging
24:59 Kshatriyas
26:13 Bow Saw
30:12 Imperial Age
27:24 Elite Skirmisher
28:17 Husbandry
28:50 Stone Mining
28:51 Gold Mining
29:28 Heavy Plow
29:36 Murder Holes
30:38 Fletching
30:49 Padded Archer Armor
31:31 Ballistics
32:24 Thumb Ring
32:43 Bloodlines
Science1990
8:42 Feudal Age
10:02 Loom
12:42 Castle Age
10:45 Double-Bit Axe
15:36 Scale Barding Armor
15:51 Bow Saw
21:42 Horse Collar
23:30 Wheelbarrow
23:23 Stone Mining
25:13 Fletching
28:45 Imperial Age
26:32 Fletching
27:10 Gold Mining
27:50 Heavy Plow
29:07 Bodkin Arrow
29:53 Forging
29:40 Heavy Camel Rider
30:27 Scale Mail Armor
30:51 Chain Barding Armor
32:23 Chemistry
32:19 Stone Shaft Mining
32:20 Gold Shaft Mining
31:47 Town Watch
33:49 Plate Barding Armor
Connection lost

Rejoining the realm…

Still unreachable

The connection could not be restored.

Session expired

The server has moved on; the page needs a fresh start.